 Dungeon Crawl Stone Soup version 0.26.1-11-gd32895ea62 (webtiles) character file.

Game seed: 2482439368691199654

349 dtburroughs the Chopper (level 6, -14/56 HPs)
             Began as a Minotaur Berserker on July 14, 2021.
             Was a Priest of Trog.
             Demolished by an ogre
             ... wielding a +0 giant club
              (27 damage)
             ... on level 4 of the Dungeon.
             The game lasted 00:03:43 (3654 turns).

dtburroughs the Chopper (Minotaur Berserker)        Turns: 3654, Time: 00:03:43

Health: -14/56     AC:  4    Str: 21    XL:     6   Next: 33%
Magic:  5/5        EV: 13    Int:  6    God:    Trog [***...]
Gold:   190        SH:  0    Dex: 10    Spells: 5/5 levels left

rFire    . . .     SeeInvis .   n - +0 war axe
rCold    . . .     Faith    .   (no shield)
rNeg     . . .     Spirit   .   g - +0 leather armour
rPois    .         Reflect  .   (helmet restricted)
rElec    .         Harm     .   j - +0 cloak
rCorr    .         Rampage  .   (no gloves)
Will     .....                  (no boots)
Stlth    +.........             (no amulet)
HPRegen  0.18/turn              (no ring)
MPRegen  0.09/turn              (no ring)

@: no status effects
A: retaliatory headbutt, horns 2
a: Renounce Religion, Berserk, Trog's Hand


You were on level 4 of the Dungeon.
You worshipped Trog.
Trog was most pleased with you.
You visited 1 branch of the dungeon, and saw 4 of its levels.

You collected 190 gold pieces.

Inventory:

Hand Weapons
 n - a +0 war axe (weapon)
Armour
 g - a +0 leather armour (worn)
 j - a +0 cloak (worn)
 r - a +0 scale mail
Jewellery
 a - an uncursed ring of positive energy {unknown}
 q - a +6 ring of strength {unknown}
Wands
 t - a wand of enslavement (5)
Scrolls
 b - a scroll of blinking {unknown}
 c - 2 scrolls of immolation {unknown}
 d - 4 scrolls of remove curse {unknown}
 e - a scroll of enchant armour {unknown}
 i - a scroll of fear {unknown}
 k - 6 scrolls of identify {unknown}
 m - 2 scrolls of amnesia {unknown}
 p - 2 scrolls of teleportation {unknown}
Potions
 f - 5 potions of curing {unknown}
 h - a potion of might {unknown}
 l - a potion of flight {unknown}
 o - a potion of heal wounds {unknown}
 s - a potion of cancellation {unknown}


   Skills:
 + Level 5.1 Fighting
 + Level 5.1 Axes
 + Level 4.5 Armour
 + Level 4.0 Dodging
 + Level 1.2 Evocations


You had 5 spell levels left.
You didn't know any spells.
Your spell library was empty.

Dungeon Overview and Level Annotations

Branches:
Dungeon (4/15)
 Temple: D:4-7

Altars:
Ashenzari


Innate Abilities, Weirdness & Mutations

You reflexively headbutt those who attack you in melee.
You have a pair of horns on your head.


Message History

You see here 28 stones.
p - 2 scrolls labelled ASEQUT OZAMA (gained 1)
d - 4 scrolls labelled ISEYSH FIKLO (gained 1)
Found a robe.
You see here a robe.
An ogre comes into view. It is wielding a +0 giant club.
The ogre shouts!
You completely miss the ogre.
The ogre hits you with a +0 giant club!!
You hit the ogre. You headbutt the ogre.
The ogre is moderately wounded.
The ogre barely misses you.
You slash the ogre! You headbutt the ogre!
The ogre is almost dead.
The ogre hits you with a +0 giant club!!
* * * LOW HITPOINT WARNING * * *
You hit the ogre.
The ogre is almost dead.
The ogre hits you with a +0 giant club!!
You die...

#.#.#......#
#.###.#....#####
#.###.###.##.#.....##
#.........##.........
#####.##########.#..# #
...#######........
#..............#.....
.###..##############.##.
.......@.......[...#....
####.#O###########.#####
# #. #.# .. #.# ##.
#.##### #. #...... #.
####### ##


You could see an ogre.

Vanquished Creatures
  An ogre (D:4)
  A scorpion (D:4)
  A howler monkey (D:4)
  2 orc wizards (D:3)
  A howler monkey skeleton (D:4)
  A gnoll (D:1)
  An adder (D:3)
  3 oozes (D:2)
  2 dart slugs
  A leopard gecko (D:3)
  7 orcs
  8 bats
  2 giant cockroaches
  11 goblins
  10 hobgoblins
  2 ball pythons
  2 frilled lizards (D:1)
  6 kobolds
  A quokka skeleton (D:4)
  12 rats
75 creatures vanquished.

Notes
Turn   | Place    | Note
-------+----------+-------------------------------------------
     0 | D:1      | dtburroughs the Minotaur Berserker began the quest for the
                  | Orb.
     0 | D:1      | Reached XP level 1. HP: 19/19 MP: 0/0
   192 | D:1      | Reached XP level 2. HP: 15/27 MP: 1/1
   599 | D:1      | Found a broken altar of Ashenzari.
   942 | D:1      | Reached XP level 3. HP: 32/33 MP: 2/2
  1658 | D:2      | Reached ** piety under Trog
  2092 | D:2      | Reached XP level 4. HP: 40/40 MP: 3/3
  2381 | D:3      | Reached XP level 5. HP: 44/47 MP: 4/4
  3042 | D:4      | Noticed an ogre
  3047 | D:4      | Killed an ogre
  3158 | D:4      | Reached *** piety under Trog
  3159 | D:4      | Reached skill level 5 in Fighting
  3159 | D:4      | Reached skill level 5 in Axes
  3159 | D:4      | Reached skill level 1 in Evocations
  3159 | D:4      | Reached XP level 6. HP: 50/56 MP: 5/5
  3654 | D:4      | Demolished by an ogre

Illustrated notes

Levels and vault maps discovered:
D:1:      minmay_arrival_hallway, layout_basic, palyth_stone_intersect,
          nicolae_ashenzari_panopticon
D:2:      cheibrodos_helix_gallery, layout_rooms, serial_bayou_pond_b,
          kennysheep_flooded_box
D:3:      layout_basic
D:4:      layout_basic

Skill      XL: |  1  2  3  4  5  6 |
---------------+-------------------+-----
Fighting       | 4 5 |  5.1
Axes           | 4 5 |  5.1
Armour         | 3 4 |  4.5
Dodging        | 3 4 |  4.0
Evocations     | 1 |  1.2

Action                   |  1- 3 |  4- 6 || total
-------------------------+-------+-------++-------
Melee: Hand axe          |    82 |       ||    82
       Headbutt          |     8 |    13 ||    21
       War axe           |    10 |    79 ||    89
Invok: Trog's Hand       |       |     1 ||     1
Armor: Animal skin       |    14 |       ||    14
       Leather armour    |     1 |    12 ||    13
Dodge: Dodged            |    69 |    42 ||   111
